 Dungeon Crawl Stone Soup version 0.19-a0-854-gc78d25d (webtiles) character file.

17 Implojin the Chopper (level 2, -1/26 HPs)
             Began as a Minotaur Fighter on July 1, 2016.
             Slain by Natasha (6 damage)
             ... on level 3 of the Dungeon.
             The game lasted 00:00:54 (193 turns).

Implojin the Chopper (Minotaur Fighter)              Turns: 193, Time: 00:00:56

Health: -1/26      AC:  5    Str: 20    XL:     2   Next: 44%
Magic:  1/1        EV:  8    Int:  5    God:
Gold:   22         SH:  9    Dex:  9    Spells: 0 memorised, 1 level left

rFire  . . .     SeeInvis .     a - +0 war axe
rCold  . . .     Gourm    .     g - +0 ring mail
rNeg   . . .     Faith    .     c - +0 shield
rPois  .         Spirit   .     (helmet restricted)
rElec  .         Dismiss  .     (no cloak)
rCorr  .         Reflect  .     (no gloves)
SustAt .         Harm     .     (no boots)
MR     .....                    (no amulet)
Stlth  ..........               (no ring)
                                (no ring)

@: not resistant to hostile enchantments, extremely unstealthy
A: retaliatory headbutt, horns 2
a: no special abilities


You were on level 3 of the Dungeon.
You were not hungry.

You visited 1 branch of the dungeon, and saw 3 of its levels.

You collected 22 gold pieces.

Inventory:

Hand Weapons
 a - a +0 war axe (weapon)
Armour
 b - a +0 scale mail
 c - a +0 shield (worn)
 g - a +0 ring mail (worn)
Jewellery
 h - an uncursed ring of poison resistance {unknown}
Scrolls
 e - a scroll of remove curse {unknown}
 i - a scroll of fear {unknown}
Potions
 d - a potion of might
Comestibles
 f - a bread ration


   Skills:
 - Level 3.6 Fighting
 * Level 3.8 Axes
 - Level 3.6 Armour
 - Level 3.6 Shields


You had one spell level left.
You didn't know any spells.

Dungeon Overview and Level Annotations

Branches:
Dungeon (3/15)

Altars:

Annotations:
D:3 Natasha


Innate Abilities, Weirdness & Mutations

You reflexively headbutt those who attack you in melee.
You have a pair of horns on your head.


Message History

a whip; a giant cockroach corpse; a kobold corpse You see here a dagger.
There is a stone staircase leading down here.
You climb downwards.
You hear the sound of rushing water.
There is an entrance to a sewer on this level.
Hurry and find it before the portal rusts away!
There is a stone staircase leading up here.
Unknown command.
Natasha, Servant of Life and Death comes into view.
Natasha hisses angrily.
Found 14 gold pieces.
Found an escape hatch in the ceiling.
Natasha stares at you and mumbles some strange words.
The magic dart hits you!
Found a stone staircase leading down.
You block Natasha's attack.
Your shield and ring mail prevent you from hitting Natasha.
Your headbutt misses Natasha.
Natasha stares at you and mumbles some strange words.
The magic dart hits you!
You barely miss Natasha.
Natasha stares at you and mumbles some strange words.
The magic dart hits you!
* * * LOW HITPOINT WARNING * * *
Natasha claws you.
* * * LOW HITPOINT WARNING * * *
Unknown command.
You slash Natasha!
Natasha is severely wounded.
Natasha claws you but does no damage.
Unknown command.
You closely miss Natasha.
Natasha is severely wounded.
Natasha casts a spell at you. The magic dart hits you!
* * * LOW HITPOINT WARNING * * *
Unknown command.
You closely miss Natasha. You headbutt Natasha, but do no damage.
Natasha is severely wounded.
Natasha claws you.
You die...

#.# #.# #.# #.#
#.# ###.#######
#######..<.......
##.......###.#####
.......@.# #
.#...#.h.# #..
##.... #. ...#...
..<.##### $...#
#...>. ##...#


You could see Natasha.

Vanquished Creatures
  2 dart slugs
  4 bats (D:1)
  2 giant cockroaches
  2 hobgoblins (D:1)
  A kobold (D:2)
  A giant newt (D:1)
12 creatures vanquished.

Notes
Turn   | Place    | Note
-------+----------+-------------------------------------------
     0 | D:1      | Implojin the Minotaur Fighter began the quest for the Orb.
     0 | D:1      | Reached XP level 1. HP: 19/19 MP: 0/0
    57 | D:1      | Reached skill level 3 in Axes
   107 | D:1      | Reached XP level 2. HP: 25/26 MP: 1/1
   186 | D:3      | Noticed Natasha
   193 | D:3      | Slain by Natasha

Vault maps used:
D:1:      wheals_arrival_shading, minmay_pentomino_o2
D:2:      first_bread
D:3:      gup_sewer_entry_pipe, kennysheep_generic_room_2, uniq_natasha

Skill      XL: |  1 |
---------------+----+-----
Axes           | 3 |  3.8
Fighting       | |  3.6
Armour         | |  3.6
Shields        | |  3.6

Action                   || total
-------------------------++-------
Melee: War axe           ||    28
       Headbutt          ||     4
Armor: Scale mail        ||    18
       Ring mail         ||     4
Dodge: Dodged            ||    16
Block: Shield            ||    24

Table legend:
 A = Turns spent in this place as a percentage of turns spent in the entire game.
 B = Non-inter-level travel turns spent in this place as a percentage of non-inter-level travel turns spent in the entire game.
 C = Inter-level travel turns spent in this place as a percentage of turns spent in this place.
 D = Turns resting spent in this place as a percentage of non-inter-level travel turns spent in this place.
 E = Turns spent auto-exploring this place as a percentage of non-inter-level travel turns spent in this place.
 F = Non-inter-level travel turns spent in this place divided by the number of levels of this place that you've seen.
                   A       B       C       D       E      F
               +-------+-------+-------+-------+-------+----------------------
         Total | 100.0 | 100.0 |   0.0 |   0.0 |   0.0 |  64.0
       Dungeon | 100.0 | 100.0 |   0.0 |   0.0 |   0.0 |  64.0
               +-------+-------+-------+-------+-------+----------------------

Table legend:
 A = Kills in this place as a percentage of kills in entire the game.
 B = Kills by you in this place as a percentage of kills by you in the entire game.
 C = Kills by friends in this place as a percentage of kills by friends in the entire game.
 D = Other kills in this place as a percentage of other kills in the entire game.
 E = Experience gained in this place as a percentage of experience gained in the entire game.
 F = Experience gained in this place divided by the number of levels of this place that you have seen.
                   A       B       C       D       E      F
               +-------+-------+-------+-------+-------+----------------------
         Total | 100.0 | 100.0 |  -nan |  -nan | 100.0 |   8.3
       Dungeon | 100.0 | 100.0 |  -nan |  -nan | 100.0 |   8.3
               +-------+-------+-------+-------+-------+----------------------
